 Dungeon Sprint DCSS version 0.23.2-1-ga50397a6bc (webtiles) character file.

Game seed: 6708689556302641334

102 Findor the Basher (level 4, 0/72 HPs)
             Began as an Ogre Fighter on May 5, 2019.
             Slain by a worker ant (2 damage)
             ... in the Dungeon (Sprint IX: "|||||||||||||||||||||||||||||").
             The game lasted 00:00:26 (135 turns).

Findor the Basher (Ogre Fighter)                     Turns: 135, Time: 00:00:26

Health: 0/72       AC:  3    Str: 26    XL:     4   Next: 78%
Magic:  4/4        EV:  8    Int:  9    God:
Gold:   0          SH:  8    Dex:  8    Spells: 3/3 levels left

rFire    . . .     SeeInvis .   a - +0 flail
rCold    . . .     Gourm    .   c - +0 shield
rNeg     . . .     Faith    .   b - +0 robe
rPois    .         Spirit   .   (helmet restricted)
rElec    .         Reflect  .   (no cloak)
rCorr    .         Harm     .   (gloves unavailable)
MR       .....     NoTele   +   (boots unavailable)
Stlth    ..........             (no amulet)
HPRegen  0.22/turn              (no ring)
MPRegen  0.09/turn              (no ring)

@: berserking (expiring), very quick
A: large, unfitting armour, tough skin 1
a: no special abilities


You were in the Dungeon.
You were not hungry.

You visited 1 branch


Innate Abilities, Weirdness & Mutations

You are too large for most types of armour.
You have tough skin. (AC +1)


   Skills:
 - Level 4.0 Fighting
 * Level 8.5 Maces & Flails
 - Level 2.6 Dodging
 - Level 2.6 Shields


You had 3 spell levels left.
You didn't know any spells.
Your spell library was empty.

Inventory:

Hand Weapons
 a - a +0 flail (weapon)
Armour
 b - a +0 robe (worn)
 c - a +0 shield (worn)
Scrolls
 k - a scroll of blinking
Potions
 d - a potion of might
 e - a potion of curing {@q1}
 h - a potion of haste {@q3}
 i - 2 potions of magic
Comestibles
 f - a ration


Message History

Your Maces & Flails skill increases to level 4!
You have reached level 2!
The bat zombie barely misses you.
The bat zombie hits you but does no damage.
You block the bat zombie's attack.
You thump the bat zombie!
You destroy the bat zombie!
You block the ice beast's attack.
You hit the ice beast. The ice beast barely misses you.
You hit the ice beast. The ice beast hits you. The ice beast freezes you.
You barely miss the ice beast. The ice beast hits you.
The ice beast freezes you.
* * * LOW HITPOINT WARNING * * *
Unknown command.
You feel much better. You block the ice beast's attack.
A red film seems to cover your vision as you go berserk!
You feel yourself moving faster!
You feel mighty! You block the ice beast's attack.
You hit the ice beast.
The ice beast hits you but does no damage.
You barely miss the ice beast. The ice beast hits you.
The ice beast freezes you!
You completely miss the ice beast. You block the ice beast's attack.
You hit the ice beast. The ice beast hits you. The ice beast freezes you!
* * * LOW HITPOINT WARNING * * *
You hit the ice beast. The ice beast hits you.
* * * LOW HITPOINT WARNING * * *
The ice beast freezes you!
* * * LOW HITPOINT WARNING * * *
Unknown command.
Unknown command.
Unknown command.
You thump the ice beast! You closely miss the ice beast.
The ice beast hits you.
* * * LOW HITPOINT WARNING * * *
The ice beast freezes you!
* * * LOW HITPOINT WARNING * * *
You barely miss the ice beast.
The ice beast hits you but does no damage.
You sock the ice beast!
You kill the ice beast!
Your Maces & Flails skill gained 4 levels and is now at level 8!
You have reached level 3!
Your experience leads to an increase in your attributes!
Your base attributes are Str 19, Int 9, Dex 8.
Increase (S)trength, (I)ntelligence, or (D)exterity?
You feel stronger. x2
You have reached level 4!
You hit the worker ant. The worker ant bites you.
You die...

▓+▓
▓.▓
▓.▓
▓.▓
▓.▓
▓Z▓
▓a▓
▓@▓
▓.▓
▓.▓
▓.▓
▓)▓
▓†▓
▓.▓
▓.▓
▓.▓


You could see a worker ant and a bat zombie.

Vanquished Creatures
  An ice beast (D)
  An adder skeleton (D)
  A bat zombie (D)
  A giant cockroach (D)
  A goblin (D)
  A hobgoblin (D)
  2 kobolds (D)
8 creatures vanquished.

Notes
Turn   | Place    | Note
-------+----------+-------------------------------------------
     0 | D        | Findor the Ogre Fighter began the quest for the Orb.
     0 | D        | Reached XP level 1. HP: 24/24 MP: 1/1
     5 | D        | Reached skill level 2 in Maces & Flails
    10 | D        | Reached skill level 3 in Maces & Flails
   115 | D        | Noticed a worker ant
   115 | D        | Noticed an ice beast
   119 | D        | Reached skill level 4 in Maces & Flails
   119 | D        | Reached XP level 2. HP: 29/32 MP: 2/2
   132 | D        | HP: 9/48 [ice beast (2)]
   132 | D        | HP: 1/48 [ice beast (8)]
   134 | D        | Killed an ice beast
   134 | D        | Reached skill level 8 in Maces & Flails
   134 | D        | Reached XP level 3. HP: 1/39 MP: 3/3
   134 | D        | Reached XP level 4. HP: 2/48 MP: 4/4
   135 | D        | Slain by a worker ant

Levels and vault maps discovered:
D:        linesprint [early_d, line_temple, items_1, d_10, items_2, lair_1,
          lair_end, items_3, orc_1, orc_end, items_4, d_15, swamp_1, shoals_1,
          snake_1, spider_1, d_20, vaults_1, items_5, swamp_end, shoals_end,
          snake_end, spider_end, vaults_end, d_27, items_6, zot_1, zot_end,
          crypt_end, forest_end, elf_end, slime_end, tomb_end, abyss_end,
          pan_hell_end]

Action                   |  1- 3 |  4- 6 || total
-------------------------+-------+-------++-------
Melee: Flail             |    26 |     1 ||    27
  Use: Potion            |     2 |       ||     2
Armor: Robe              |     5 |       ||     5
Dodge: Dodged            |     7 |       ||     7
Block: Shield            |     7 |       ||     7
